[Event "CZE-ch U16 Open 2023"]
[Site "Teplice"]
[Date "2023.03.16"]
[Round "7.9"]
[White "Zezula, Jakub"]
[Black "Pelc, Adam"]
[Result "0-1"]
[ECO "B12"]
[WhiteElo "1963"]
[BlackElo "1871"]
[Annotator "TA"]
[PlyCount "48"]
[EventDate "2023.03.09"]
[EventType "swiss"]
[EventCountry "CZE"]
[SourceTitle "playchess.com"]
[Source "ChessBase"]
[SourceQuality "1"]
[TimeControl "40/5400+30:1800+30"]

1. e4 c6 2. d4 d5 3. f3 e6 4. Nc3 Bb4 5. e5 c5 6. f4 {[%emt 0:04:45] B12: Caro-Kann: Advance Variation.} (6. a3 $5 Bxc3+ 7. bxc3 $11) 6... Ne7 7. Nf3 (7. a3 $5 Ba5 8. Bd2 $11) 7... Nf5 8. Bd2 {[%emt 0:04:16] The position is equal.} Nc6 9. Ne2 Ne3 10. Qc1 Bxd2+ 11. Qxd2 Nb4 {[%emt 0:00:23] [#]} 12. c3 $146 {[%emt 0:03:20][%mdl 8192] [#]} ({Wrong is} 12. Rc1 $2 Nc4 13. Qd1 Nxb2 $17) (12. dxc5 $14 {stays ahead.} Qa5 13. Kf2 Nxf1 14. Qc3 (14. Kxf1 Qxc5 15. c3 Nc6 $14)) ({Predecessor:} 12. Rc1 Nc4 13. Qd1 Nxb2 14. Qd2 Nc4 15. Qd1 Nxa2 16. Rb1 Qa5+ 17. Kf2 Nb4 18. g4 Nc6 19. Bh3 cxd4 20. Nexd4 {0-1 Menzi,N (1902)-Isgandarova,K (2203) EU-ch (Women) 13th 2012 (7)}) 12... Nc4 $1 $19 {[%emt 0:02:01][%mdl 64] Deflection} 13. Qd1 Nxb2 14. Qb1 N4d3+ 15. Kd2 {[%emt 0:00:10] [#]} Qb6 ({Black should try} 15... b6 $1 $19 {Strongly threatening ...Ba6.} 16. Ne1 Nf2 17. Qxb2 Nxh1 18. dxc5 O-O) 16. Ke3 $2 (16. Nc1 $15 Nxf4 17. dxc5 Nc4+ 18. Bxc4 Qxb1 19. Rxb1 dxc4 20. Rb4) 16... Bd7 17. Ng3 Bb5 $36 {[%emt 0:01:58][%mdl 2048] ...Rc8 is the strong threat. Keeping White busy.} 18. Nd2 $2 (18. a4 Ba6 19. Bxd3 Bxd3 20. Qc1 cxd4+ 21. Nxd4) 18... cxd4+ 19. cxd4 Rc8 20. Ne2 {[%emt 0:03:11] Inhibits Rc3.} (20. a4 $142 Ba6 21. Ra3) 20... Ba4 21. Nb3 Bxb3 22. axb3 Qxb3 23. Qa2 Nc4+ (23... Nxe5+ $2 24. Qxb3 Nbc4+ 25. Kf2 Ng4+ 26. Kg3 $18) 24. Kf3 Ndxe5+ {[%emt 0:00:07][%mdl 64] Discovered Attack (Double check). Excellently played by Pelc!   Weighted Error Value: White=2.01/Black=0.17 (very precise)} 0-1

[Event "CZE-ch U16 Open 2023"]
[Site "Teplice"]
[Date "2023.03.16"]
[Round "7.10"]
[White "Tesar, Jakub"]
[Black "Slaby, Matej"]
[Result "0-1"]
[ECO "B17"]
[WhiteElo "1960"]
[BlackElo "1932"]
[Annotator "TA"]
[PlyCount "129"]
[EventDate "2023.03.09"]
[EventType "swiss"]
[EventCountry "CZE"]
[SourceTitle "playchess.com"]
[Source "ChessBase"]
[SourceQuality "1"]
[TimeControl "40/5400+30:1800+30"]

1. e4 c6 2. d4 d5 3. Nd2 dxe4 4. Nxe4 Nd7 5. Ng5 Ngf6 6. Bd3 e6 7. N1f3 Bd6 8. Qe2 h6 9. Ne4 Nxe4 10. Qxe4 Qc7 11. Qg4 Kf8 12. O-O e5 {[%emt 0:02:32] B17: Caro-Kann: Modern Line (4...Nd7).} (12... b6 $11 {might be stronger.}) 13. Qh4 (13. Re1 $5) 13... c5 14. dxc5 Nxc5 {[%emt 0:00:30] [#] The position is equal.} 15. Be2 $146 ({Predecessor:} 15. b4 Nxd3 16. cxd3 Bf5 17. Bb2 f6 18. Rac1 Qf7 19. Qg3 Qxa2 20. Nh4 {1-0 Boguslawski,O-Shkuran,D (2247) UKR-ch U18 Dnipropetrovsk 2002 (5)}) 15... Bd7 16. Be3 Ne6 17. Rfd1 Nf4 18. Bxf4 exf4 19. Rd4 g5 20. Qh5 {[%emt 0:00:32] [#] Rad1 would be deadly.} ({Much weaker is} 20. Nxg5 Be7 21. Rxd7 (21. Qxf4 $2 {too greedy.} Qxf4 $19) (21. Rad1 $2 Bxg5 22. Qh5 Bc6 $19) 21... Qxd7 $17) 20... Be7 21. Bc4 ({Only move:} 21. Rad1 $1 $11 Bf5 22. c3) 21... Be8 $1 $15 {[%emt 0:01:30] Hoping for ...f5.} 22. Qg4 (22. Nd2 $1 $15) 22... Bf6 $36 {[%emt 0:01:21][%mdl 2048] Black is on the roll.} 23. Re4 (23. Bb3 $17 {was necessary.}) 23... Bd7 $19 24. Qh5 Bf5 {[%emt 0:00:15] A strong pair of Bishops.} (24... Bxb2 $2 25. Qxf7#) 25. Rxf4 Bg6 (25... gxf4 $19 26. Qxf5 Bxb2) 26. Qxg6 $17 fxg6 27. Rxf6+ Kg7 28. Rf7+ Qxf7 $1 29. Bxf7 Kxf7 {[%emt 0:00:03][%mdl 4096] Endgame KRR-KRN} 30. Kf1 Rhe8 31. Nd4 Rad8 32. c3 a6 33. a4 Rc8 34. Nc2 Ke6 {[%emt 0:03:43] Black is more active.} 35. Ne3 Red8 36. Re1 Kf7 37. Re2 h5 38. Ke1 b5 39. axb5 axb5 40. Rc2 Ke6 41. Ke2 Rc6 42. Rc1 (42. f3 $17 {was worth a try.}) 42... Rcd6 {[%emt 0:02:19] ...Rd2+ is the strong threat.} 43. Rc2 g4 44. f3 (44. c4 $142) 44... gxf3+ $19 45. Kxf3 $2 {[%emt 0:00:00] [#]} (45. gxf3 {was the only defense.} Kf6 46. Nf1) 45... Rd2 $1 {[%emt 0:00:00] Strongly threatening ...Ke5.} 46. b4 (46. Rc1 $142) 46... Rxc2 47. Nxc2 {[%emt 0:00:00] KR-KN} Rd3+ 48. Ke4 Rxc3 49. Nd4+ Kf6 50. Nxb5 Rc4+ 51. Nd4 Rxb4 {[%emt 0:00:00] aiming for ...Rb2.} 52. Ke3 Rb2 53. Kf3 g5 54. Kg3 Rb4 (54... h4+ $142 55. Kh3 Rb4 56. Nc6 Rc4 57. Na7 Rc3+ 58. Kg4 Rc2 59. g3 Rxh2 60. gxh4 gxh4 61. Nc8 Ke6 62. Na7 h3 63. Nc6 Kf6 64. Nd4 Rd2 65. Nf3 h2 66. Nxh2 Rxh2 67. Kf3 Ke5 68. Kg3 Re2 69. Kf3 Re4 70. Kg3 Rf4 71. Kg2 Kf5 72. Kh3 Rf3+ 73. Kg2 Kf4 74. Kh2 Rf2+ 75. Kh1 Kg4 76. Kg1 Kg3 77. Kh1 Rf1#) 55. Ne2 Ke5 56. Kf3 Rb3+ 57. Kf2 Ra3 (57... h4 $142 58. Nc1 Rb1 59. Nd3+ Kd4 60. Ke2 g4 61. h3 Rb3 62. Ne1 Rb2+ 63. Kd1 Ke3 64. Kc1 Re2 65. Nc2+ Rxc2+ 66. Kxc2 g3 67. Kd1 Kf2 68. Kd2 Kxg2 69. Ke3 Kxh3 70. Kf3 g2 71. Kf2 Kh2 72. Kf3 g1=Q 73. Ke4 h3 74. Kf4 Qc5 75. Kg4 Kg2 76. Kf4 h2 77. Ke4 h1=Q 78. Kd3 Qd1+ 79. Ke4 Qf3#) 58. h3 h4 {[%emt 0:00:00] Black mates.} 59. g3 Ke4 60. gxh4 gxh4 ({Inferior is} 60... Rxh3 61. Ng3+ Kf4 62. Ne2+ Kg4 63. hxg5 $15) 61. Nc1 Rxh3 62. Kg2 Ra3 63. Kf2 h3 64. Ne2 Ra2 65. Kf1 {[%emt 0:00:10] Weighted Error Value: White=0.95/Black=0.43} 0-1

[Event "CZE-ch U16 Open 2023"]
[Site "Teplice"]
[Date "2023.03.16"]
[Round "7.11"]
[White "Davidek, Zdenek"]
[Black "Mrazek, Adam"]
[Result "1/2-1/2"]
[ECO "B31"]
[WhiteElo "1957"]
[BlackElo "1745"]
[Annotator "TA"]
[PlyCount "100"]
[EventDate "2023.03.09"]
[EventType "swiss"]
[EventCountry "CZE"]
[SourceTitle "playchess.com"]
[Source "ChessBase"]
[SourceQuality "1"]
[TimeControl "40/5400+30:1800+30"]

1. e4 c5 2. Nf3 Nc6 3. Bb5 g6 4. Bxc6 bxc6 5. O-O Bg7 6. Re1 e5 {[%emt 0:00:55] 6...Qc7 gains popularity.} 7. c3 Qb6 8. Na3 {[%emt 0:11:52][%cal Od2d4] aiming for d4! B31: Sicilian: 2...Nc6 3 Bb5 g6.} Ba6 9. d3 (9. b4 $5) 9... Ne7 10. Rb1 {[%emt 0:01:47] White is slightly better.} O-O {[%emt 0:04:45] [#]} 11. Nc2 $146 (11. Be3 $1 $16) ({Predecessor:} 11. Be3 d5 12. c4 Rfe8 13. Qa4 d4 14. Bd2 Bc8 15. b4 cxb4 16. Rxb4 Qc7 17. Reb1 {0-1 Fossan,B (1942)-Holleland,S (2098) Bergen Grand Prix Nov 2019 (3)}) 11... Rfe8 (11... d5 $15) 12. Be3 $14 Qa5 13. Qd2 d5 14. b4 Qb5 15. c4 ({Reject} 15. bxc5 Qxd3 16. Nb4 Qxd2 17. Nxd2 Bc8 $15) 15... dxc4 16. dxc4 (16. bxc5 $14 c3 17. Qc1 (17. Qxc3 Qxd3 18. Qb2 Qc4 $11) 17... Qxd3 18. Nb4) 16... Qxc4 $11 17. Bxc5 Rad8 (17... Qxa2 $2 18. Ra1 Qc4 19. Ne3 Qxe4 20. Rxa6 $18) 18. Qc1 Rd7 ({Don't do} 18... Qxa2 19. Ra1 Qc4 20. Qb2 $14) 19. Na3 (19. Qa3 $14) 19... Qxc1 (19... Qxa2 {feels hotter.} 20. Ra1 Qe6 21. Nb1 Bb5) 20. Rbxc1 Bb5 21. Nc4 Nc8 22. Rc2 f6 23. g4 (23. Nb2 $5 ) 23... h6 (23... Nb6 $11 {is superior.} 24. Bxb6 axb6) 24. h4 g5 25. h5 Bf8 26. Ra1 Nb6 27. Bxb6 axb6 28. a4 Ra7 29. Nxb6 Bd3 30. Rc3 Bxe4 {[%emt 0:00:23] [#] Threatens to win with ...Rb8.} 31. Nd2 Bd5 (31... Bh7 $11 {keeps the balance.} 32. Rxc6 Rd8) 32. Nxd5 $16 cxd5 33. Rd3 ({Better is} 33. Rb3 $16) 33... Bxb4 {[%emt 0:00:24] The position is equal.} 34. Rxd5 Bxd2 35. Rxd2 $11 {[%emt 0:00:01][%cal Bd5d2,Bd2a2,Ba2a3,Ba3b3,Bb3b6,Bb6h6][%mdl 4128] Endgame KRR-KRR} Rea8 36. Rda2 Ra5 37. Kg2 Kf7 38. Kf3 Ke6 39. Ra3 f5 40. R1a2 fxg4+ 41. Kxg4 Rf8 42. Rb3 Rf4+ 43. Kg3 Kf5 44. Rb6 Raxa4 45. Rxa4 Rxa4 46. Rxh6 {[%emt 0:00:10] KR-KR} Rg4+ 47. Kf3 {[%emt 0:00:06][%cal Oh6f6] Rf6+! would kill now.} Rf4+ 48. Kg3 Rg4+ 49. Kf3 {[%emt 0:00:04][%cal Oh6f6] White wants to mate with Rf6+!} Rf4+ 50. Kg3 Rg4+ {[%emt 0:00:10] Weighted Error Value: White=0.19 (very precise) /Black=0.17 (very precise)} 1/2-1/2

[Event "CZE-ch U16 Open 2023"]
[Site "Teplice"]
[Date "2023.03.16"]
[Round "7.12"]
[White "Sigut, Ondrej"]
[Black "Mohapl, Tomas"]
[Result "1/2-1/2"]
[ECO "D02"]
[WhiteElo "1804"]
[BlackElo "1946"]
[Annotator "TA"]
[PlyCount "86"]
[EventDate "2023.03.09"]
[EventType "swiss"]
[EventCountry "CZE"]
[SourceTitle "playchess.com"]
[Source "ChessBase"]
[SourceQuality "1"]
[TimeControl "40/5400+30:1800+30"]

1. d4 d5 2. Nf3 Nf6 3. g3 Bf5 4. Bg2 e6 5. O-O Be7 6. c4 c6 7. cxd5 {D11: Slav Defence: 3 Nf3 sidelines and 3...Nf6 4 e3 Bg4.} exd5 8. Bf4 (8. Qb3 $5 ) 8... O-O 9. Nbd2 {Black has an edge.} h6 10. Ne5 Nbd7 11. Ndf3 {[#]} Rc8 $146 ({Predecessor:} 11... Qb6 12. Bc1 Rfe8 13. b3 Bd6 14. Nxd7 Bxd7 15. Qc2 Ne4 16. a3 Bf5 17. Qb2 Be7 {0-1 Babic,D (1951)-Perhinig,R (2281) Feffernitz op 28th 2019 (2)}) 12. Qb3 Qb6 13. Qxb6 axb6 14. Rac1 Ra8 15. a3 Ra4 16. Rfd1 b5 17. Nxd7 Nxd7 18. Ne5 (18. Bd2 $15) 18... b4 (18... Nxe5 $142 19. dxe5 Re8) 19. axb4 Rxb4 20. Nxd7 Bxd7 21. Rd2 g5 22. Be3 (22. Bc7 $17 {was worth a try.}) 22... Ra8 $19 23. h4 Ra2 $2 {[#]} (23... Kg7 $19 24. hxg5 hxg5) 24. Bxd5 $1 $11 Raxb2 25. Rxb2 Rxb2 26. Bc4 Bf5 27. hxg5 hxg5 28. Kf1 Kf8 29. Rd1 b5 30. Bd3 Bxd3 31. Rxd3 {[%mdl 4096] Endgame KRB-KRB} Rb1+ 32. Kg2 b4 {Prevents Rc3} 33. d5 cxd5 34. Rxd5 f6 35. Kf3 Kf7 36. Rb5 b3 37. Bd4 Kg6 (37... Ke6 $11 {keeps the balance.}) 38. g4 $16 Kf7 39. Ke3 Ba3 40. Rb6 (40. Rb7+ $16 Ke6 41. Ke4 (41. Rb6+ Kd5 $11)) 40... Be7 (40... b2 $1 $11) 41. Kd2 Bd8 42. Rb5 Ke6 43. e4 (43. f3 $16) 43... Bc7 {Weighted Error Value: White=0.19 (very precise) /Black=0.22 (precise)} 1/2-1/2